 Dungeon Crawl Stone Soup version 0.21.1-1-g345015fe64 (webtiles) character file.

284 Gargoyl the Skirmisher (level 6, -3/52 HPs)
             Began as a Centaur Abyssal Knight on June 20, 2018.
             Was a Believer of Lugonu.
             Slain by raetorn's ghost (5 damage)
             ... on level 3 of the Dungeon.
             The game lasted 00:06:28 (4344 turns).

Gargoyl the Skirmisher (Centaur Abyssal Knight)     Turns: 4344, Time: 00:06:29

Health: -3/52      AC:  6    Str: 15    XL:     6   Next: 7%
Magic:  8/8        EV:  6    Int: 11    God:    Lugonu [**....]
Gold:   127        SH:  7    Dex: 10    Spells: 5/5 levels left

rFire    . . .     SeeInvis .   a - +3 hand axe
rCold    . . .     Gourm    .   f - +0 shield
rNeg     . . .     Faith    .   j - +0 ring mail
rPois    .         Spirit   .   (no helmet)
rElec    .         Reflect  .   (no cloak)
rCorr    .         Harm     .   (no gloves)
MR       .....                  (no barding)
Stlth    ..........             (no amulet)
HPRegen  0.17/turn              e - +2 ring of slaying
MPRegen  0.11/turn              (no ring)

@: very quick
A: large, hooves 3, deformed body, speed 2, tough skin 3
a: Depart the Abyss, Bend Space, Renounce Religion


You were on level 3 of the Dungeon.
You worshipped Lugonu.
Lugonu was pleased with you.
You were not hungry.

You visited 1 branch of the dungeon, and saw 3 of its levels.
You visited the Abyss 1 time.

You collected 127 gold pieces.

Inventory:

Hand Weapons
 a - a +3 hand axe (weapon)
Armour
 f - a +0 shield (worn)
 j - a +0 ring mail (worn)
Jewellery
 e - a +2 ring of slaying (left hand)
Wands
 h - a wand of digging (11)
Scrolls
 d - 2 scrolls of identify
 g - a scroll of magic mapping
Comestibles
 b - a chunk of flesh
 c - 5 rations


   Skills:
 + Level 4.1 Fighting
 + Level 3.4 Axes
 * Level 2.4 Armour
 + Level 1.4 Dodging
 + Level 0.4 Shields
 * Level 3.3 Invocations


You had 5 spell levels left.
You didn't know any spells.

Dungeon Overview and Level Annotations

Branches:
Dungeon (3/15)

Altars:

Annotations:
D:3 raetorn's ghost, amateur HOFi


Innate Abilities, Weirdness & Mutations

You have hooves in place of feet.
Armour fits poorly on your strangely shaped body.
You cover ground very quickly.
You have extremely tough skin. (AC +3)


Message History

You kick raetorn's ghost, but do no damage.
Raetorn's ghost is almost destroyed.
Raetorn's ghost barely misses you. Raetorn's ghost hits you!
* * * LOW HITPOINT WARNING * * *
You hit raetorn's ghost.
Raetorn's ghost is almost destroyed.
Raetorn's ghost hits you but does no damage.
You hit raetorn's ghost. Your kick misses raetorn's ghost.
Raetorn's ghost is almost destroyed.
You block raetorn's ghost's attack.
You hit raetorn's ghost but do no damage.
Raetorn's ghost is almost destroyed.
Raetorn's ghost hits you.
* * * LOW HITPOINT WARNING * * *
Raetorn's ghost hits you.
* * * LOW HITPOINT WARNING * * *
Your shield and ring mail prevent you from hitting raetorn's ghost.
Raetorn's ghost is almost destroyed.
Raetorn's ghost hits you.
You die...

..###############
.((..(W@........##
.##############..#####
#.............# #####
#.............# #...#
#.............# . #...#
#.............#
..########...###......###.####
......................# #.#
##.....########......###.##


You could see raetorn's ghost.

Vanquished Creatures
  Natasha (thrice) (D:2)
  7 gnolls
  8 adders
  3 worms
  A leopard gecko (D:3)
  3 giant cockroaches
  8 goblins
  9 hobgoblins
  3 jackals (D:2)
  7 kobolds
  2 ball pythons
  3 bats
  6 frilled lizards
  7 rats
70 creatures vanquished.

Vanquished Creatures (others)
  4 starspawn tentacles (Abyss:1)
4 creatures vanquished.

Grand Total: 74 creatures vanquished

Notes
Turn   | Place    | Note
-------+----------+-------------------------------------------
     0 | Abyss:1  | Gargoyl the Centaur Abyssal Knight began the quest for the Orb.
     0 | Abyss:1  | Reached XP level 1. HP: 19/19 MP: 2/2
     0 | Abyss:1  | Noticed an emperor scorpion
     2 | Abyss:1  | Noticed an emperor scorpion
     3 | Abyss:1  | Noticed a worker ant
     5 | Abyss:1  | Noticed a worker ant
     5 | Abyss:1  | Noticed a worker ant
     5 | Abyss:1  | Noticed a worker ant
     5 | Abyss:1  | Noticed a worker ant
     5 | Abyss:1  | Noticed a worker ant
     5 | Abyss:1  | Noticed a worker ant
     5 | Abyss:1  | Noticed a worker ant
     5 | Abyss:1  | Noticed a hornet
     5 | Abyss:1  | Noticed a hornet
    85 | Abyss:1  | Noticed a flying skull
   105 | Abyss:1  | Noticed a tentacled starspawn
   158 | Abyss:1  | Noticed a great orb of eyes
   161 | Abyss:1  | Paralysed by a great orb of eyes for 5 turns
   175 | Abyss:1  | Noticed a smoke demon
   192 | D:1      | Escaped the Abyss
   757 | D:1      | Reached XP level 2. HP: 18/26 MP: 3/3
   988 | D:1      | Reached * piety under Lugonu
  1515 | D:2      | Reached XP level 3. HP: 25/31 MP: 4/4
  1938 | D:2      | Reached XP level 4. HP: 35/40 MP: 5/5
  2089 | D:2      | Noticed Natasha
  2098 | D:2      | Killed Natasha
  2098 | D:2      | Reached skill level 1 in Dodging
  2144 | D:2      | Noticed Natasha
  2152 | D:2      | Killed Natasha
  2301 | D:2      | Reached XP level 5. HP: 38/46 MP: 7/7
  3417 | D:3      | Reached skill level 4 in Fighting
  3428 | D:3      | Reached ** piety under Lugonu
  3719 | D:3      | Noticed raetorn's ghost (amateur HOFi)
  3874 | D:2      | Noticed Natasha
  3881 | D:2      | Killed Natasha
  4103 | D:3      | Reached XP level 6. HP: 44/52 MP: 8/8
  4343 | D:3      | HP: 2/52 [raetorn's ghost (4)]
  4344 | D:3      | Slain by raetorn's ghost

Skill      XL: |  1  2  3  4  5 |
---------------+----------------+-----
Axes           | 2 3 |  3.4
Armour         | 2 |  2.4
Dodging        | 1 |  1.4
Invocations    | 3 |  3.3
Fighting       | 4 |  4.1
Shields        | |  0.4

Action                   |  1- 3 |  4- 6 || total
-------------------------+-------+-------++-------
Melee: Hand axe          |    82 |   129 ||   211
       Kick              |    15 |    30 ||    45
Throw: Tomahawk          |       |     3 ||     3
Invok: Depart the Abyss  |     1 |       ||     1
  Use: Scroll            |     7 |     1 ||     8
       Potion            |     2 |     2 ||     4
  Eat: Ration            |     1 |     1 ||     2
       Chunk             |       |     5 ||     5
Armor: Leather armour    |    29 |    32 ||    61
       Ring mail         |       |     1 ||     1
Dodge: Dodged            |    37 |    45 ||    82
Block: Shield            |     1 |    52 ||    53
